2728 views
Uploaded 2020-02-21 20:10:30
Game version 1.32 / 1.32.1
11:56 long 1on1 ladder game on (2)LastRefuge
Saved by TALONSARIMBA
2728 views
Uploaded 2020-02-21 20:10:30
Game version 1.32 / 1.32.1
11:56 long 1on1 ladder game on (2)LastRefuge

22 units @ 2.9k
/ 0.4k
12 buildings @ 2k
/ 0.5k


| Healing Salve | 2 | 200 |
| Scroll of Speed | 1 | 50 |
| Lesser Clarity Potion | 2 | 140 |
| Scroll of Healing | 1 | 250 |
| Circlet of Nobility | 1 | 175 |
| total: | 7 | 815g |
| Peon | 6 | 450 | / | 0 |
| Troll Headhunter | 13 | 1820 | / | 260 |
| Demolisher | 3 | 660 | / | 150 |
| total: | 22 | 2930g | / | 410w |
| Altar of Storms | 1 | 180 | / | 50 |
| Orc Burrow | 6 | 960 | / | 240 |
| War Mill | 1 | 205 | / | 0 |
| Barracks | 3 | 540 | / | 150 |
| Voodoo Lounge | 1 | 130 | / | 30 |
| Stronghold | 1 | 315 | / | 190 |
| Fortress | 1 | 325 | / | 190 |
| total: | 12 | 2015g | / | 470w |
| 0:01 | Peon |
| 0:01 | Peon |
| 0:02 | Altar of Storms |
| 0:13 | Orc Burrow |
| 0:17 | Peon |
| 0:32 | Peon |
| 0:47 | War Mill |
| 1:05 | Barracks |
| 1:12 | Peon |
| 1:26 | Peon |
| 1:39 | Barracks |
| 1:42 | Barracks |
| 1:59 | Orc Burrow |
| 2:04 | Feral Spirit |
| 2:12 | Troll Headhunter |
| 2:29 | Troll Headhunter |
| 2:44 | Troll Headhunter |
| 2:50 | Troll Headhunter |
| 3:10 | Troll Headhunter |
| 3:14 | Chain Lighting |
| 3:18 | Orc Burrow |
| 3:30 | Troll Headhunter |
| 3:39 | Circlet of Nobility |
| 3:40 | Troll Headhunter |
| 4:10 | Troll Headhunter |
| 4:26 | Troll Headhunter |
| 4:38 | Voodoo Lounge |
| 4:48 | Troll Headhunter |
| 5:06 | Troll Headhunter |
| 5:42 | Stronghold |
| 5:51 | Orc Burrow |
| 6:12 | Steel Ranged Weapons |
| 6:19 | Feral Spirit |
| 6:47 | Healing Salve |
| 6:47 | Healing Salve |
| 6:47 | Scroll of Speed |
| 6:52 | Lesser Clarity Potion |
| 6:52 | Lesser Clarity Potion |
| 6:56 | Troll Headhunter |
| 7:07 | Troll Headhunter |
| 7:22 | Steel Armor |
| 7:38 | Scroll of Healing |
| 8:04 | Troll Regeneration |
| 8:27 | Fortress |
| 8:54 | Chain Lighting |
| 9:05 | Demolisher |
| 9:06 | Demolisher |
| 9:29 | Healing Spray |
| 9:43 | Orc Burrow |
| 10:03 | Thorium Ranged Weapons |
| 10:24 | Acid Bomb |
| 10:49 | Berserker Upgrade |
| 10:49 | Burning Oil |
| 10:52 | Orc Burrow |
| 11:13 | Demolisher |
| Right click | 1025 |
| Select group | 799 |
| Select | 458 |
| Assign group | 98 |
| Misc. action | 82 |
| Build/train/purchase | 69 |
| Chat | 20 |
| Use ability | 19 |
| Item give/drop | 5 |
| Esc | 1 |
14 units @ 2.4k
/ 0.3k
11 buildings @ 1.8k
/ 0.5k


| Rod of Necromancy | 3 | 450 |
| Potion of Mana | 2 | 400 |
| Potion of Healing | 1 | 150 |
| total: | 6 | 1000g |
| Acolyte | 3 | 225 | / | 0 |
| Ghoul | 2 | 240 | / | 0 |
| Crypt Fiend | 7 | 1505 | / | 280 |
| Obsidian Statue | 2 | 400 | / | 70 |
| total: | 14 | 2370g | / | 350w |
| Nerubian Tower | 1 | 100 | / | 20 |
| Spirit Tower | 1 | 145 | / | 40 |
| Crypt | 1 | 200 | / | 50 |
| Graveyard | 1 | 215 | / | 0 |
| Altar of Darkness | 2 | 360 | / | 100 |
| Ziggurat | 4 | 600 | / | 200 |
| Tomb of Relics | 2 | 260 | / | 60 |
| Slaughterhouse | 1 | 140 | / | 135 |
| Halls of the Dead | 1 | 320 | / | 210 |
| Black Citadel | 1 | 325 | / | 230 |
| total: | 11 | 1775g | / | 545w |
| 0:02 | Acolyte |
| 0:06 | Crypt |
| 0:10 | Graveyard |
| 0:18 | Acolyte |
| 0:42 | Altar of Darkness |
| 0:44 | Altar of Darkness |
| 0:50 | Acolyte |
| 0:58 | Ziggurat |
| 1:10 | Ghoul |
| 1:25 | Tomb of Relics |
| 1:49 | Crypt Fiend |
| 1:56 | Nerubian Tower |
| 2:13 | Ziggurat |
| 2:36 | Crypt Fiend |
| 2:47 | Death Coil |
| 2:51 | Rod of Necromancy |
| 3:12 | Crypt Fiend |
| 3:40 | Crypt Fiend |
| 3:57 | Crypt Fiend |
| 4:49 | Halls of the Dead |
| 4:55 | Crypt Fiend |
| 5:17 | Rod of Necromancy |
| 5:25 | Crypt Fiend |
| 6:05 | Ziggurat |
| 6:28 | Unholy Aura |
| 7:06 | Ghoul |
| 7:14 | Potion of Mana |
| 7:20 | Slaughterhouse |
| 7:27 | Burrow |
| 7:41 | Spirit Tower |
| 7:45 | Rod of Necromancy |
| 8:26 | Frost Nova |
| 8:57 | Tomb of Relics |
| 9:34 | Death Coil |
| 9:52 | Black Citadel |
| 10:08 | Obsidian Statue |
| 10:19 | Potion of Mana |
| 10:21 | Potion of Healing |
| 10:38 | Obsidian Statue |
| 10:46 | Ziggurat |
| 10:47 | Creature Carapace |
| 11:41 | Frost Armor |
| Right click | 1423 |
| Select | 408 |
| Select group | 387 |
| Misc. action | 121 |
| Build/train/purchase | 58 |
| Chat | 36 |
| Assign group | 26 |
| Use ability | 21 |
| Item give/drop | 1 |
| Esc | 1 |
โ